AoeStats
← βolacha

Arabia

508714364Analyzed
1v1 RM · 9d ago on Sep 23, 2026· 50m 55s· 2 players
Game mode
Random Map
Map size
Tiny (2 player)
Population
200
Speed
Normal
Resources
Standard
Victory
Conquest
Starting age
Dark Age
Ending age
Imperial Age
RankedLock teamsTeams togetherTeam positionsShared explorationLock speedFull tech treeHidden civsTurbo modeCheats
Victory
Defeat
🇧🇷 Franks · Brazil
934
+14
🇳🇿 Vietnamese · New Zealand
885
-14
DonaldTrumpet
7:43 Loom
9:33 Feudal Age
10:30 Double-Bit Axe
12:51 Horse Collar
16:24 Fletching
20:25 Gold Mining
23:31 Castle Age
24:34 Bodkin Arrow
25:33 Scale Barding Armor
25:40 Forging
26:01 Bow Saw
26:52 Crossbowman
29:34 Padded Archer Armor
32:51 Thumb Ring
32:12 Pikeman
41:01 Leather Archer Armor
41:07 Chain Barding Armor
41:22 Iron Casting
41:33 Heavy Plow
44:23 Imperial Age
42:42 Wheelbarrow
44:33 Arbalester
47:17 Chemistry
48:13 Bracer
49:28 Crop Rotation
βolacha
8:09 Loom
10:31 Feudal Age
19:20 Castle Age
17:25 Double-Bit Axe
19:10 Forging
19:09 Scale Barding Armor
20:27 Husbandry
26:01 Bow Saw
26:18 Pikeman
26:58 Squires
40:32 Gold Mining
40:32 Stone Mining
42:35 Gold Shaft Mining
Connection lost

Rejoining the realm…

Still unreachable

The connection could not be restored.

Session expired

The server has moved on; the page needs a fresh start.